 Dungeon Crawl Stone Soup version 0.28.0-53-g5a82cb258f (webtiles) character file.

Game seed: 15747197655233817217

34855 issech the Basher (level 13, -5/107 HPs)
             Began as a Minotaur Monk on June 7, 2022.
             Was a High Priest of Hepliaklqana.
             Succumbed to Nessos's poison
             ... on level 14 of the Dungeon.
             The game lasted 01:15:29 (17611 turns).

issech the Basher (Minotaur Monk)                  Turns: 17611, Time: 01:15:30

Health: -5/107     AC: 25    Str: 17    XL:     13   Next: 44%
Magic:  21/21      EV: 13    Int:  7    God:    Hepliaklqana [*****.]
Gold:   1828       SH:  0    Dex: 27    Spells: 12/12 levels left

rFire   + . .      SeeInvis .   i - +12 mace "Titoj" {spect, rN+++ MP+9 Str-5 Dex+2}
rCold   . . .      Faith    .   J - orb {light}
rNeg    + + +      Spirit   .   S - +2 plate armour {rC+}
rPois   .          Reflect  .   R - +2 hat {Stlth+}
rElec   .          Harm     .   K - +0 cloak
rCorr   .          Rampage  .   A - +2 pair of gloves
Will    ++...                   (no boots)
Stlth   ..........              X - amulet "Weutonum" {Regen+ Dex+4}
HPRegen 1.07/turn               G - +4 ring of evasion
MPRegen 0.17/turn               n - ring of Beadghaza {rF+ rC- Will++ Str+3 Dex+6}

@: lethally poisoned (-5 -> -23), glowing, studying Crossbows
A: reduced essence, horns 2, retaliatory headbutt
a: Renounce Religion, Recall Ancestor, Ancestor Identity, Transference, Idealise


You were on level 14 of the Dungeon.
You worshipped Hepliaklqana.
Hepliaklqana was extremely pleased with you.
You visited 2 branches of the dungeon, and saw 15 of its levels.
You also visited: Sewer, Ossuary and Ice Cave.

You collected 1828 gold pieces.

Inventory:

Hand Weapons
 i - the +12 mace "Titoj" (weapon) {spect, rN+++ MP+9 Str-5 Dex+2}
   (You found it on level 2 of the Dungeon)

   When its wielder attacks, the weapon's spirit leaps out and strikes again.
   The spirit shares a part of any damage it takes with its wielder.
   Str:       It affects your strength (-5).
   Dex:       It affects your dexterity (+2).
   rN:        It renders you almost immune to negative energy.
   MP:        It affects your magic capacity (+9).
 M - a +2 hunting sling of freezing
 T - the +1 falchion of Dishonour {vorpal, +Blink rF+ Int+2 Dex+2}
   (You found it on level 9 of the Dungeon)

   It inflicts extra damage upon your enemies.
   Int:       It affects your intelligence (+2).
   Dex:       It affects your dexterity (+2).
   rF:        It protects you from fire.
   +Blink:    It lets you blink.
Missiles
 c - 403 stones (quivered)
 d - 89 sling bullets
 h - 246 arrows
 k - 26 poisoned darts
 s - 4 silver javelins
 w - 46 bolts
 N - 4 throwing nets
 U - 2 boomerangs
Armour
 g - the +1 robe of the Five Priests {Regen+}
   (You found it on level 2 of the Dungeon)

   Regen:     It increases your rate of health regeneration.
 q - a +3 plate armour
 v - the +3 leather armour of the Mind {Contam rElec MP+9 Int+4}
   (You found it on level 4 of the Dungeon)

   Int:       It affects your intelligence (+4).
   rElec:     It insulates you from electricity.
   MP:        It affects your magic capacity (+9).
   Contam:    It causes magical contamination when unequipped.
 A - a +2 pair of gloves (worn)
 F - a +1 plate armour of willpower
 J - an orb of light (worn)
 K - a +0 cloak (worn)
 R - a +2 hat of stealth (worn)
 S - a +2 plate armour of cold resistance (worn)
Jewellery
 n - the ring of Beadghaza (right hand) {rF+ rC- Will++ Str+3 Dex+6}
   (You found it in an ice cave)

   [ring of dexterity]

   Str:       It affects your strength (+3).
   Dex:       It affects your dexterity (+6).
   rF:        It protects you from fire.
   rC:        It makes you vulnerable to cold.
   Will:      It greatly increases your willpower.
 t - a ring of willpower
 x - a ring of fire
 G - a +4 ring of evasion (left hand)
 I - a +6 ring of dexterity
 P - an amulet of magic regeneration
 W - the ring of Raros {rF+ rC+ rCorr Int-4}
   (You found it in an ice cave)

   [ring of protection from cold]

   Int:       It affects your intelligence (-4).
   rF:        It protects you from fire.
   rC:        It protects you from cold.
   rCorr:     It protects you from acid and corrosion.
 X - the amulet "Weutonum" (around neck) {Regen+ Dex+4}
   (You found it in an ice cave)

   [amulet of regeneration]

   Dex:       It affects your dexterity (+4).
   Regen:     It increases your rate of health regeneration.
Wands
 y - a wand of paralysis (3)
 C - a wand of iceblast (10)
 H - a wand of flame (8)
 O - a wand of polymorph (7)
 V - a wand of mindburst (6)
 Z - a wand of charming (6)
Scrolls
 a - a scroll of blinking
 b - 2 scrolls of magic mapping
 f - 2 scrolls of fog
 j - 3 scrolls of enchant armour
 p - 2 scrolls of fear
 r - 9 scrolls of teleportation
 B - 4 scrolls of amnesia
 Q - a scroll of summoning
Potions
 e - 2 potions of brilliance
 m - 4 potions of lignification {unknown}
 o - 9 potions of curing {unknown}
 u - 2 potions of attraction {unknown}
 z - 4 potions of heal wounds {unknown}
 D - 4 potions of invisibility {unknown}
 E - 2 potions of haste {unknown}
 L - 3 potions of magic {unknown}
Miscellaneous
 l - a phial of floods


   Skills:
 + Level 12.5 Fighting
 + Level 4.7(10.6) Axes
 + Level 14.7(15.0) Maces & Flails
 + Level 7.9(8.8) Slings
 + Level 5.1(7.0) Throwing
 + Level 14.5 Armour
 + Level 4.8 Dodging
 + Level 5.7 Stealth
 + Level 2.3 Evocations


You had 12 spell levels left.
You didn't know any spells.
Your spell library contained the following spells:

 Spells                   Type           Power      Damage    Failure   Level
 Sting                    Tmut/Pois      0%         1d3       100%        1
 Poisonous Vapours        Pois/Air       0%         N/A       100%        2
 Lesser Beckoning         Tloc           0%         N/A       100%        3
 Summon Guardian Golem    Hex/Summ       0%         N/A       100%        3
 Animate Dead             Necr           0%         N/A       100%        4
 Olgreb's Toxic Radiance  Pois           0%         N/A       100%        4
 Sticky Flame             Conj/Fire      0%         2d3       100%        4
 Conjure Ball Lightning   Conj/Air       0%         3x3d6     100%        6
 Haunt                    Necr/Summ      0%         N/A       100%        7
 Orb of Destruction       Conj           0%         9d5       100%        7
 Spellforged Servitor     Conj/Summ      0%         N/A       100%        7
 Discord                  Hex            0%         N/A       100%        8
 Disjunction              Tloc           0%         N/A       100%        8
 Infestation              Necr           0%         N/A       100%        8
 Fire Storm               Conj/Fire      0%         5d1       100%        9


Dungeon Overview and Level Annotations

Branches:
Dungeon (14/15)            Temple (1/1) D:6            Lair (0/6) D:11
    Orc (0/2) D:10          Sewer (visited)         Ossuary (visited)
  IceCv (visited)
 Vaults: D:13-14

Altars:
Ashenzari
Cheibriados
Dithmenos
Elyvilon
Fedhas
Gozag
Hepliaklqana
Kikubaaqudgha
Makhleb
Nemelex Xobeh
Okawaru
Qazlal
Ru
Sif Muna
Trog
Uskayaw
Vehumet
Wu Jian
Xom
Yredelemnul
Zin
The Shining One

Shops:
D:5 [   D:13 (

Annotations:
D:13 3 runed translucent doors, Zeld's ghost, journeyman TeAE
D:14 Nessos


Innate Abilities, Weirdness & Mutations

Your life essence is reduced to manifest your ancestor. (-10% HP)
You have a pair of horns on your head.
You reflexively headbutt those who attack you in melee.


Message History

Nessos zaps a wand.
The mass of ice explodes!
The iceblast engulfs you but does no damage.
The now-empty wand crumbles to dust.
You hear a horrible gurgling sound! x2; You hear a shout!
You feel very sick.
Nessos shoots an arrow.
The arrow hits you!
* * * LOW HITPOINT WARNING * * *
The arrow burns you.
You are more poisoned.
* * * LOW HITPOINT WARNING * * *
Nessos intently looks at you, slowly moving their tail.
Nessos shoots an arrow.
The arrow misses you.
You feel very sick.
Nessos shoots an arrow.
The arrow hits Belessunu!
The arrow burns Belessunu.
You feel very sick.
Nessos unwields a +1 longbow of flaming.
It stops flaming.
Nessos hits Belessunu but does no damage.
Nessos kicks Belessunu.
Nessos wields a +1 longbow of flaming.
It bursts into flame!
Nessos shoots an arrow.
The arrow hits Belessunu!!
The arrow burns Belessunu.
Belessunu points at Nessos and mumbles some strange words.
The stone arrow hits Nessos!!
You feel very sick.
Nessos shoots an arrow.
The arrow hits Belessunu!!
Belessunu is destroyed!
Nessos gestures wildly while chanting.
Nessos blinks!
You feel very sick.
Nessos shoots an arrow.
The arrow hits you.
* * * LOW HITPOINT WARNING * * *
Nessos says, "I'll learn you. I'll learn you yet!"
Nessos shoots an arrow.
The arrow hits you!
* * * LOW HITPOINT WARNING * * *
The arrow burns you.
You are more poisoned.
* * * LOW HITPOINT WARNING * * *
Unknown command.
Okay, then.
You die...

#...........##
.........?..##.
#.............
#...........#
##.........# .
#.......>..##
..#...........#
....c..........##.#
#..........@.......
...............#...#
##...$$......### #
#.#..........#
..#..#.......#
####..###### #.. #..
#..


You could see Nessos (fast).

Vanquished Creatures
  Jorgrun (D:13)
  Gastronok (D:8)
  2 azure jellies (IceCv)
  A quicksilver ooze (IceCv)
  Harold (D:8)
  2 hydras
  3 boulder beetles
  2 centaur warriors
  A two-headed ogre (D:10)
  A tengu warrior (D:13)
  4 ugly things
  A manticore (D:13)
  A cyclops (D:11)
  Joseph (D:7)
  An ice statue (IceCv)
  A komodo dragon (D:6)
  2 rime drakes (D:12)
  3 entropy weaver simulacra (IceCv)
  A tengu conjurer (D:13)
  6 trolls
  16 slime creatures
  A hornet (D:9)
  2 shadows
  A wraith (D:13)
  2 yaks (D:8)
  2 wyverns
  6 vampire mosquitoes
  Menkaure (Ossuary)
  3 acid dragons
  6 demonic crawler simulacra (IceCv)
  A water moccasin (D:5)
  A hornet zombie (D:9)
  A sky beast (D:7)
  An ice beast (D:5)
  6 orc warriors
  3 black bears
  4 ugly thing simulacra (IceCv)
  5 ogres
  5 centaurs
  2 kobold brigands
  3 phantoms
  A bullfrog (D:8)
  An elf zombie (Ossuary)
  A gnoll sergeant (D:8)
  A scorpion (D:5)
  2 glowing shapeshifter simulacra (IceCv)
  A water moccasin zombie (D:5)
  3 wights (D:7)
  6 killer bees
  An electric eel (D:7)
  3 howler monkeys
  2 crimson imps (D:10)
  A bullfrog zombie (D:5)
  6 centaur zombies
  A jelly (D:5)
  4 hounds
  2 centaur skeletons
  5 orc priests
  3 gnoll shamans
  Crazy Yiuf (D:7)
  2 bullfrog skeletons (D:5)
  3 iguanas
  3 orc wizards
  A killer bee zombie (D:8)
  4 ogre zombies (Ossuary)
  The ghost of Zeld the Conjurer, a weakling DECj (D:3)
  3 howler monkey zombies
  6 mummies (Ossuary)
  10 gnolls
  7 adders
  5 river rats (Sewer)
  An ufetubus (D:6)
  6 adder zombies
  5 worms
  A dart slug (D:5)
  44 orcs
  7 endoplasms
  5 giant cockroaches
  5 goblins
  4 hobgoblins
  4 jackals (D:2)
  21 kobolds
  8 quokkas
  11 ball pythons
  2 bats
  4 frilled lizards
  4 goblin zombies (Ossuary)
  5 hobgoblin zombies (Ossuary)
  3 kobold zombies (Ossuary)
  An orc zombie (Ossuary)
  2 quokka zombies (Ossuary)
  26 rats
  4 rat zombies (Ossuary)
371 creatures vanquished.

Vanquished Creatures (collateral kills)
  A centaur warrior (D:13)
  3 two-headed ogres
  A death yak (D:11)
  A deep elf pyromancer (D:12)
  An ugly thing (D:12)
  A cyclops (D:11)
  An ice statue (IceCv)
  2 slime creatures (IceCv)
  A vampire (D:9)
  A yak (D:8)
  A black bear (D:6)
  A kobold brigand (D:8)
  A bullfrog (D:8)
  2 gnoll sergeants
  A wight (D:7)
  A howler monkey (D:7)
  A centaur zombie (D:9)
  A crimson imp (D:10)
  5 orc priests
  A jelly (D:8)
  3 orc wizards
  A killer bee zombie (D:7)
  2 gnolls
  15 orcs
49 creatures vanquished.

Vanquished Creatures (others)
  A human (D:8)
  12 battlemagi
  A fungus (D:11)
  3 plants (D:11)
17 creatures vanquished.

Grand Total: 437 creatures vanquished

Notes
Turn   | Place    | Note
-------+----------+-------------------------------------------
     0 | D:1      | issech the Minotaur Monk began the quest for the Orb.
     0 | D:1      | Reached XP level 1. HP: 19/19 MP: 0/0
   511 | D:1      | Found a faded altar of an unknown god.
   521 | D:1      | Reached XP level 2. HP: 27/27 MP: 1/1
   844 | D:2      | Identified the +1 robe of the Five Priests {Regen+}
  1074 | D:2      | Reached XP level 3. HP: 33/33 MP: 2/2
  1083 | D:2      | Identified the +12 mace "Titoj" {spect, rN+++ MP+9 Str-5
                  | Dex+2}
  2078 | D:3      | Reached XP level 4. HP: 41/41 MP: 3/3
  2147 | D:3      | Reached skill level 1 in Maces & Flails
  2331 | D:3      | Found a runed translucent gate.
  2331 | D:3      | Found a runed translucent gate.
  2331 | D:3      | Found a runed translucent gate.
  2331 | D:3      | Noticed Zeld's ghost (weakling DECj)
  2333 | D:3      | Found a basalt altar of Yredelemnul.
  2355 | D:3      | Killed Zeld's ghost
  2951 | D:4      | Reached XP level 5. HP: 47/47 MP: 4/4
  2998 | D:4      | Reached skill level 5 in Fighting
  3203 | D:4      | Noticed an ogre
  3358 | D:4      | Identified the +3 leather armour of the Mind {Contam rElec
                  | MP+9 Int+4}
  3362 | D:4      | Noticed a phantom
  3370 | D:4      | Killed a phantom
  3371 | D:4      | Reached XP level 6. HP: 45/56 MP: 5/5
  3644 | D:4      | Reached skill level 1 in Armour
  3841 | D:5      | Entered Level 5 of the Dungeon
  3923 | D:5      | Noticed a water moccasin
  3926 | D:5      | Killed a water moccasin
  3931 | D:5      | Found Oghe's Antique Armour Shoppe.
  3934 | D:5      | Reached skill level 5 in Maces & Flails
  3934 | D:5      | Reached XP level 7. HP: 34/61 MP: 6/6
  3970 | D:5      | Found a glowing drain.
  3985 | Sewer    | Entered a sewer
  4963 | D:5      | Reached XP level 8. HP: 66/70 MP: 7/7
  5151 | D:5      | Found a sparkling altar of Nemelex Xobeh.
  5318 | D:5      | Reached skill level 5 in Armour
  5492 | D:6      | Found a sand-covered staircase.
  5521 | Ossuary  | Entered an ossuary
  5774 | Ossuary  | Noticed Menkaure
  5781 | Ossuary  | Killed Menkaure
  6016 | D:6      | Identified a scroll of acquirement
  6024 | D:6      | Acquired a manual of Crossbows
  6092 | D:6      | Found a staircase to the Ecumenical Temple.
  6098 | Temple   | Entered the Ecumenical Temple
  6236 | Temple   | Became a worshipper of Hepliaklqana the Forgotten
  6236 | Temple   | Reached * piety under Hepliaklqana
  6236 | Temple   | Reached ** piety under Hepliaklqana
  6237 | Temple   | Remembered your ancestor Belessunu as a battlemage
  6437 | D:6      | Reached XP level 9. HP: 71/71 MP: 8/8
  6474 | D:6      | Noticed a komodo dragon
  6481 | D:6      | Killed a komodo dragon
  6485 | D:6      | Reached skill level 10 in Maces & Flails
  6551 | D:6      | Found a broken altar of Ashenzari.
  6942 | D:6      | Found a bloodstained altar of Trog.
  7528 | D:7      | Noticed Joseph
  7535 | D:7      | Killed Joseph
  8031 | D:7      | Acquired 781 gold pieces
  8243 | D:7      | Reached skill level 1 in Slings
  8373 | D:7      | Found a runed translucent door.
  8374 | D:7      | Noticed Crazy Yiuf
  8379 | D:7      | Killed Crazy Yiuf
  8449 | D:8      | Reached *** piety under Hepliaklqana
  8485 | D:8      | Found an ancient bone altar of Kikubaaqudgha.
  8537 | D:8      | Reached XP level 10. HP: 79/79 MP: 9/9
  8541 | D:8      | Noticed Harold
  8555 | D:8      | Killed Harold
  8965 | D:8      | Found a sacrificial altar of Ru.
  9478 | D:8      | Noticed Gastronok
  9503 | D:8      | Killed Gastronok
 10035 | D:9      | Reached **** piety under Hepliaklqana
 10048 | D:9      | Identified the +1 falchion of Dishonour {vorpal, +Blink rF+
                  | Int+2 Dex+2}
 10106 | D:9      | Reached XP level 11. HP: 54/85 MP: 10/10
 10483 | D:9      | Reached skill level 10 in Armour
 10756 | D:10     | Entered Level 10 of the Dungeon
 10796 | D:10     | Found a staircase to the Orcish Mines.
 11576 | D:10     | Noticed a two-headed ogre
 11582 | D:10     | Killed a two-headed ogre
 11690 | D:10     | Found a hide-covered altar of Uskayaw.
 11742 | D:10     | Found a shimmering altar of Xom.
 11746 | D:10     | Reached skill level 1 in Throwing
 11864 | D:11     | Noticed a four-headed hydra
 11869 | D:11     | Killed a four-headed hydra
 11934 | D:11     | Noticed a white ugly thing
 11938 | D:11     | Killed a white ugly thing
 12109 | D:11     | Found a staircase to the Lair.
 12109 | D:11     | Noticed a death yak
 12125 | D:11     | Killed a death yak
 12126 | D:11     | Reached skill level 10 in Fighting
 12128 | D:11     | Noticed a boulder beetle
 12140 | D:11     | Killed a boulder beetle
 12882 | D:11     | Reached ***** piety under Hepliaklqana
 13293 | D:12     | Found a frozen archway.
 13304 | IceCv    | Entered an ice cave
 13314 | IceCv    | Reached XP level 12. HP: 97/97 MP: 11/11
 14446 | IceCv    | Noticed a quicksilver ooze
 14451 | IceCv    | Killed a quicksilver ooze
 14642 | IceCv    | Found a viscous altar of Jiyva.
 14642 | IceCv    | Noticed an azure jelly
 14648 | IceCv    | Killed an azure jelly
 14649 | IceCv    | Reached skill level 5 in Stealth
 14660 | IceCv    | Noticed an azure jelly
 14669 | IceCv    | Killed an azure jelly
 14826 | IceCv    | Got the ring of Raros {rF+ rC+ rCorr Int-4}
 14831 | IceCv    | Identified the amulet "Weutonum" {Regen+ Dex+4}
 15139 | IceCv    | Identified the ring of Beadghaza {rF+ rC- Will++ Str+3
                  | Dex+6}
 15587 | D:12     | Noticed a centaur warrior
 15611 | D:12     | Reached skill level 1 in Evocations
 15614 | D:12     | Killed a centaur warrior
 15975 | D:12     | Noticed a two-headed ogre
 15982 | D:12     | Killed a two-headed ogre
 16126 | D:12     | Noticed a two-headed ogre
 16132 | D:12     | Killed a two-headed ogre
 16133 | D:12     | Reached XP level 13. HP: 106/106 MP: 12/12
 16162 | D:12     | Got Sif Muna's Reference Book on Fiery Orientation
 16400 | D:13     | Found a runed translucent gate.
 16400 | D:13     | Found a runed translucent gate.
 16400 | D:13     | Found a runed translucent gate.
 16405 | D:13     | Noticed Zeld's ghost (journeyman TeAE)
 16666 | D:13     | Noticed Jorgrun
 16680 | D:13     | Killed Jorgrun
 16687 | D:13     | Reached skill level 5 in Throwing
 17086 | D:13     | Found Roint's Antique Weapon Shoppe.
 17595 | D:14     | Noticed Nessos
 17610 | D:14     | HP: 3/107 [Nessos/arrow (10)]
 17610 | D:14     | HP: 1/107 [Nessos/arrow (2)]
 17611 | D:14     | Succumbed to Nessos's poison

Illustrated notes

Levels and vault maps discovered:
D:1:      dpeg_arrival_three_bigger_balls, layout_loops_ring,
          hellmonk_ecumenical_altar_crossroads, minivault_25
D:2:      layout_loops_ring, serial_co_window_serial, co_window_paths_a,
          co_window_corner_a, co_window_of_opportunity_a, co_window_paths_b,
          co_window_paths_a, co_window_broadway_a, co_window_corner_b,
          co_window_unsneaky_path_c, co_window_2corner, co_window_corner_cb,
          co_window_corner_cb, glass_columns_b, glass_columns_b,
          glass_columns_a, glass_columns_c
D:3:      layout_rooms, nicolae_yredelemnul_ghost_church,
          nicolae_elevator_lobby_plus
D:4:      layout_basic
D:5:      layout_basic, lemuel_doored_altar, serial_shops,
          nicolae_shop_temple_entry_statues_fountains,
          cheibrodos_sewer_entry_bend
D:6:      layout_cave_pools, evilmike_ruin_ashenzari,
          mainiacjoe_overflow_cross_hatched, minmay_temple_entry_hall,
          serial_column_ruins, column_ruins_columns_corner,
          column_ruins_open_medium, column_ruins_grid_2,
          column_ruins_columns_corner, nicolae_ossuary_entry_monument,
          st_stairs_14, minmay_puff
D:7:      layout_loops_corners, lightli_minifort, uniq_crazy_yiuf_cottage,
          uniq_joseph, uniq_menkaure
D:8:      layout_gridville, tgw_kikubaaqudgha, nicolae_ru_the_path_less_chosen,
          st_stairs_3, minmay_fractal_squares_gapless_5, uniq_harold,
          uniq_gastronok
D:9:      layout_basic, minmay_quadrilaterals
D:10:     layout_small_grid, nicolae_uskayaw_suspiria, led_xom_imps,
          hiddenorc2_lemuel, wad_floor_pattern_1
D:11:     layout_loops_ring, david_lair_generic
D:12:     layout_big_octagon, portal_ice_cave_rime, serial_park_tiny_pond
D:13:     layout_basic, gammafunk_ghost_necromancy, serial_shops,
          kennysheep_mini, uniq_jorgrun
D:14:     layout_cave_pools, hangedman_vaults_entry_quadrant_bands,
          minmay_misc_feat_chi, minmay_crystal_room, uniq_roxanne, uniq_nessos
Temple:   dpeg_chambers_temple

Skill      XL: |  1  2  3  4  5  6  7  8  9 10 11 12 13 |
---------------+----------------------------------------+-----
Axes           | 4 |  4.7
Fighting       | 4 5 6 7 8 10 12 | 12.5
Stealth        | 2 3 4 5 |  5.7
Maces & Flails | 2 3 5 6 9 11 12 13 14 | 14.7
Armour         | 2 4 6 8 9 12 13 14 | 14.5
Dodging        | 4 |  4.8
Slings         | 1 6 7 |  7.9
Throwing       | 2 4 5 |  5.1
Evocations     | 1 2 |  2.3

Action                   |  1- 3 |  4- 6 |  7- 9 | 10-12 | 13-15 || total
-------------------------+-------+-------+-------+-------+-------++-------
Melee: Hand axe          |    48 |       |       |       |       ||    48
       Headbutt          |     8 |     9 |    37 |    82 |    21 ||   157
       Punch             |     1 |     1 |       |       |       ||     2
       Mace              |    20 |    55 |   186 |   286 |    64 ||   611
 Fire: Hunting sling     |       |       |    12 |    55 |       ||    67
Throw: Boomerang         |       |       |       |    33 |       ||    33
       Stone             |       |       |       |    23 |    17 ||    40
Invok: Ancestor Life: Ba |       |       |     1 |       |       ||     1
 Abil: Evoke Blink       |       |       |       |     6 |       ||     6
  Use: Scroll            |       |     2 |     9 |    10 |       ||    21
       Potion            |       |       |       |     4 |       ||     4
 Stab: Sleeping          |     3 |     2 |       |       |       ||     5
       Distracted        |       |       |     5 |     9 |     2 ||    16
Armor: Robe              |    12 |     5 |       |       |       ||    17
       Leather armour    |     2 |       |       |       |       ||     2
       Plate armour      |       |    22 |   104 |   140 |    49 ||   315
       Skin              |       |       |       |     3 |       ||     3
Dodge: Dodged            |    38 |    35 |    33 |   116 |    25 ||   247
